General information
- name: BNet
- type: Ladder team game (AT/RT)
- host: Battle.net
- saver: Bromeister
map: PlainsOfSnow
- players: 6
- length: 15:04
- speed: Fast
- version: 1.26 W3XP
- replay type: Public
» download(77 KB)
Players
team 1 (winner)
Bromeister (
blue | 77 APM | 1166 actions | 15:04)
4 Warden
2 Shadow Strike
2 Blink
» actions
| Assign group hotkey | 10 | |
| Basic commands | 2 | |
| Build / train | 43 | |
| Enter build submenu | 27 | |
| Enter hero's abilities submenu | 5 | |
| Remove unit from queue | 2 | |
| Right click | 697 | |
| Select / deselect | 202 | |
| Select group hotkey | 98 | |
| Use ability | 80 | |
1166 total
» units
| Wisp | 24 | |
| Druid of the Talon | 2 | |
| Hippogryph | 4 | |
| Chimaera | 2 | |
32 total
» upgrades
| Strength of the Wild | 1 | |
| Ultravision | 1 | |
2 total
» buildings
| Hunter's Hall | 1 | |
| Moon Well | 4 | |
| Ancient Protector | 6 | |
| Altar of Elders | 1 | |
| Tree of Ages | 1 | |
| Tree of Life | 2 | |
| Ancient of Wind | 1 | |
| Tree of Eternity | 1 | |
| Chimaera Roost | 3 | |
20 total
» build order
00:15 Hunter's Hall
00:56 Moon Well
01:33 Ancient Protector
01:56 Altar of Elders
02:33 Ancient Protector
02:50 Ancient Protector
03:27 Ancient Protector
04:03 Tree of Ages
05:38 Tree of Life
06:33 Ancient Protector
06:57 Ancient of Wind
07:04 Ancient Protector
09:36 Tree of Eternity
10:57 Tree of Life
12:05 Chimaera Roost
12:08 Chimaera Roost
13:00 Moon Well
13:02 Moon Well
13:39 Chimaera Roost
14:02 Moon Well
kullconiak (
orange | 18 APM | 274 actions | 15:03)
3 Tauren Chieftain
2 Endurance Aura
1 War Stomp
» actions
| Basic commands | 8 | |
| Build / train | 37 | |
| Enter build submenu | 14 | |
| Enter hero's abilities submenu | 3 | |
| Right click | 84 | |
| Select / deselect | 113 | |
| Use ability | 15 | |
274 total
» units
» upgrades
| Melee Weapons | 2 | |
| Armor | 2 | |
| Pillage | 1 | |
| Berserker Strength | 1 | |
6 total
» buildings
| Altar of Storms | 1 | |
| Orc Burrow | 7 | |
| Barracks | 2 | |
| War Mill | 1 | |
| Stronghold | 1 | |
| Fortress | 1 | |
13 total
» build order
00:10 Altar of Storms
00:12 Orc Burrow
01:03 Barracks
02:12 Orc Burrow
02:33 War Mill
03:15 Orc Burrow
04:13 Orc Burrow
05:07 Orc Burrow
05:51 Barracks
09:46 Stronghold
10:27 Orc Burrow
10:29 Orc Burrow
13:23 Fortress

»
KB_STARCARD (
purple | 83 APM | 1256 actions | 15:03)
4 Death Knight
2 Death Coil
2 Unholy Aura
2 Lich
1 Frost Nova
1 Frost Armor
» actions
| Assign group hotkey | 20 | |
| Basic commands | 111 | |
| Build / train | 38 | |
| ESC pressed | 1 | |
| Enter build submenu | 19 | |
| Enter hero's abilities submenu | 7 | |
| Right click | 453 | |
| Select / deselect | 206 | |
| Select group hotkey | 361 | |
| Use ability | 40 | |
1256 total
» units
| Acolyte | 2 | |
| Ghoul | 4 | |
| Crypt Fiend | 8 | |
| Frost Wyrm | 3 | |
17 total
» upgrades
| Creature Attack | 2 | |
| Web | 1 | |
| Freezing Breath | 1 | |
| Creature Carapace | 1 | |
5 total
» buildings
| Graveyard | 1 | |
| Crypt | 1 | |
| Altar of Darkness | 1 | |
| Ziggurat | 7 | |
| Tomb of Relics | 1 | |
| Halls of the Dead | 2 | |
| Black Citadel | 2 | |
| Sacrificial Pit | 1 | |
| Boneyard | 2 | |
18 total
» build order
00:43 Graveyard
00:49 Crypt
01:16 Altar of Darkness
01:19 Ziggurat
01:38 Tomb of Relics
02:39 Ziggurat
03:51 Halls of the Dead
03:52 Halls of the Dead
05:58 Ziggurat
06:17 Black Citadel
06:17 Black Citadel
07:47 Sacrificial Pit
08:19 Ziggurat
09:35 Boneyard
11:02 Ziggurat
11:33 Boneyard
11:40 Ziggurat
12:56 Ziggurat
» items
| Rod of Necromancy | 1 | |
| Potion of Healing | 1 | |
| Scroll of Town Portal | 1 | |
| Orb of Corruption | 1 | |
4 total
team 2 (loser)
Angielicious (
teal | 35 APM | 531 actions | 15:02)
3 Mountain King
2 Storm Bolt
1 Thunder Clap
» actions
| Basic commands | 10 | |
| Build / train | 45 | |
| Enter build submenu | 23 | |
| Enter hero's abilities submenu | 3 | |
| Remove unit from queue | 1 | |
| Right click | 212 | |
| Select / deselect | 194 | |
| Use ability | 43 | |
531 total
» units
| Peasant | 7 | |
| Footman | 11 | |
| Dragonhawk Rider | 3 | |
21 total
» upgrades
| Masonry | 2 | |
| Lumber Harvesting | 1 | |
3 total
» buildings
| Farm | 11 | |
| Lumber Mill | 1 | |
| Altar of Kings | 1 | |
| Scout Tower | 8 | |
| Arcane Tower | 2 | |
| Barracks | 1 | |
| Keep | 1 | |
| Arcane Vault | 1 | |
| Guard Tower | 6 | |
| Gryphon Aviary | 1 | |
33 total
» build order
00:09 Farm
00:13 Lumber Mill
00:45 Altar of Kings
00:52 Scout Tower
01:10 Farm
01:34 Arcane Tower
01:58 Farm
02:13 Barracks
03:15 Farm
04:45 Keep
05:07 Arcane Vault
06:17 Farm
06:43 Scout Tower
08:47 Guard Tower
09:06 Scout Tower
09:06 Scout Tower
09:06 Scout Tower
09:27 Farm
09:28 Farm
09:33 Farm
09:33 Farm
09:44 Scout Tower
09:46 Guard Tower
09:48 Arcane Tower
09:52 Guard Tower
10:18 Guard Tower
10:22 Scout Tower
10:28 Scout Tower
10:36 Farm
11:17 Guard Tower
11:24 Guard Tower
11:59 Farm
12:04 Gryphon Aviary
» items
| Scroll of Regeneration | 2 | |
| Lesser Clarity Potion | 1 | |
| Potion of Mana | 1 | |
| Scroll of Town Portal | 3 | |
7 total

»
420.WaX (
pink | 68 APM | 765 actions | 11:14)
3 Archmage
2 Summon Water Elemental
1 Brilliance Aura
» actions
| Assign group hotkey | 48 | |
| Basic commands | 68 | |
| Build / train | 36 | |
| ESC pressed | 1 | |
| Enter build submenu | 17 | |
| Enter hero's abilities submenu | 3 | |
| Right click | 302 | |
| Select / deselect | 138 | |
| Select group hotkey | 110 | |
| Use ability | 42 | |
765 total
» units
| Peasant | 9 | |
| Footman | 6 | |
| Rifleman | 5 | |
| Mortar Team | 6 | |
26 total
» upgrades
» buildings
| Altar of Kings | 1 | |
| Farm | 5 | |
| Barracks | 1 | |
| Scout Tower | 3 | |
| Lumber Mill | 2 | |
| Arcane Tower | 1 | |
| Blacksmith | 1 | |
| Keep | 1 | |
| Arcane Vault | 1 | |
| Guard Tower | 1 | |
| Workshop | 2 | |
19 total
» build order
00:11 Altar of Kings
00:24 Farm
01:09 Barracks
01:15 Farm
01:36 Scout Tower
02:03 Farm
02:16 Lumber Mill
02:26 Lumber Mill
02:28 Arcane Tower
02:54 Blacksmith
04:07 Keep
04:11 Arcane Vault
04:15 Farm
04:58 Farm
05:01 Scout Tower
06:11 Scout Tower
06:17 Guard Tower
08:19 Workshop
08:44 Workshop
» items
driberz (
red | 30 APM | 444 actions | 14:57)
2 Keeper of the Grove
1 Entangling Roots
1 Force of Nature
» actions
| Assign group hotkey | 2 | |
| Basic commands | 36 | |
| Build / train | 25 | |
| Enter build submenu | 15 | |
| Enter hero's abilities submenu | 2 | |
| Right click | 127 | |
| Select / deselect | 148 | |
| Select group hotkey | 62 | |
| Use ability | 27 | |
444 total
» units
» upgrades
| Strength of the Wild | 1 | |
| Reinforced Hides | 1 | |
| Nature's Blessing | 1 | |
| Backpack | 1 | |
4 total
» buildings
| Altar of Elders | 2 | |
| Moon Well | 4 | |
| Hunter's Hall | 1 | |
| Ancient Protector | 2 | |
| Tree of Ages | 1 | |
| Tree of Eternity | 1 | |
| Ancient of Lore | 1 | |
| Ancient of Wind | 1 | |
| Guard Tower | 1 | |
| Castle | 1 | |
15 total
» build order
00:13 Altar of Elders
00:20 Moon Well
01:19 Hunter's Hall
01:37 Moon Well
02:29 Ancient Protector
02:56 Tree of Ages
04:42 Moon Well
05:18 Tree of Eternity
05:22 Ancient of Lore
05:43 Ancient of Wind
09:10 Ancient Protector
11:57 Moon Well
12:04 Guard Tower
12:27 Castle
13:17 Altar of Elders
Chat log
(00:21 / Allies) KB_STARCARD: some fiend and frost
(00:27 / Allies) Bromeister: im pro
(00:37 / Allies) KB_STARCARD: wow
(00:51 / Allies) Bromeister: im pro tower rusher
(01:01 / Allies) Bromeister: just got rank 6
(01:03 / Allies) Bromeister: on west
(01:09 / All) Bromeister: grats me i got rank 6 ^^
(01:13 / Allies) kullconiak: hope it works this time
(01:17 / Allies) Bromeister: LOL
(01:38 / Allies) Bromeister: tunnel starts here
(01:44 / Allies) Bromeister: did u play wit me when i orc or NE
(01:56 / Allies) kullconiak: ne
(02:07 / Allies) Bromeister: tell me why we lost u think
(02:17 / Allies) Bromeister: oh btw
(02:18 / Allies) kullconiak: we dident
(02:19 / Allies) Bromeister: mass fiends and grunts
(02:22 / Allies) Bromeister: oh lol
(02:26 / Allies) kullconiak: lol
(02:32 / Allies) KB_STARCARD: rush???
(02:44 / Allies) Bromeister: i have to dig first
(02:48 / Allies) KB_STARCARD: ok
(03:03 / Allies) Bromeister: wood
(03:18 / Allies) Bromeister: backdoor
(03:22 / Allies) Bromeister: underground railroad
(04:11 / Allies) Bromeister: creep?
(04:15 / Allies) Bromeister: go
(04:25 / Allies) Bromeister: get in range
(04:26 / Allies) Bromeister: of towers
(04:35 / Allies) Bromeister: tower up ur mains
(04:49 / Allies) Bromeister: go do that
(04:52 / Allies) Bromeister: for me
(04:56 / Allies) Bromeister: while i dig
(05:06 / Allies) Bromeister: we must backdoor
(05:11 / Allies) Bromeister: dont get seen
(06:36 / Allies) Bromeister: meet
(07:20 / All) Bromeister: LOL
(07:24 / Allies) Bromeister: am
(07:24 / Allies) Bromeister: am
(08:36 / All) Bromeister: LOL
(08:44 / Allies) KB_STARCARD: give me gold
(11:19 / All) Bromeister: rape
(11:22 / All) Bromeister: LOL
(11:23 / All) Bromeister: the trees
(11:42 / All) Bromeister: this is too funny
(12:30 / All) Bromeister: lmao
(13:13 / All) Bromeister: "D
(13:16 / All) Bromeister: :D
(13:20 / All) Bromeister: :D
(13:22 / All) Bromeister: LOL
(13:25 / All) Bromeister: i like this
(13:28 / All) Bromeister: lots
(13:46 / All) Bromeister: :D
(13:47 / All) Bromeister: I STOP
(13:54 / All) Bromeister: MORE IS HERE
(13:55 / All) Bromeister: :AD
(14:07 / All) Bromeister: thsi game is too funny
(14:49 / 4) Bromeister: stay i will backstab
(15:02 / 4) Bromeister: tower up